 Dungeon Crawl Stone Soup version 0.30.2 (webtiles) character file.

Game seed: 4898115428998585018

18736 Nonny the Carver (level 12, -10/98 HPs)
             Began as a Merfolk Gladiator on Mar 31, 2024.
             Was an Elder of Ignis.
             Mangled by a catoblepas (28 damage)
             ... on level 13 of the Dungeon.
             The game lasted 00:38:55 (10611 turns).

Nonny the Carver (Merfolk Gladiator)               Turns: 10611, Time: 00:38:55

Health: -10/98     AC: 13    Str: 15    XL:     12   Next: 61%
Magic:  12/12      EV: 25    Int:  8    God:    Ignis [****..]
Gold:   681        SH:  5    Dex: 19    Spells: 11/11 levels left

rFire   + . .        a - +0 long sword (vamp)
rCold   . . .        Y - +0 buckler
rNeg    . . .        W - +0 troll leather armour
rPois   .            v - +2 hat
rElec   .            y - +0 cloak
rCorr   .            w - +0 pair of gloves
SInv    .            (no boots)
Will    .....        (no amulet)
Stlth   +++          G - +5 ring of evasion
HPRegen 1.16/turn    F - +4 ring of protection
MPRegen 0.13/turn

%: no passive effects
@: spiked
A: (nimble swimmer 2), mertail
a: Renounce Religion, Fiery Armour, Foxfire Swarm, Rising Flame


You were on level 13 of the Dungeon.
You worshipped Ignis.
Ignis was greatly pleased with you.
You visited 2 branches of the dungeon, and saw 14 of its levels.
You also visited: Ossuary.

You collected 897 gold pieces.
You spent 216 gold pieces at shops.

Inventory:

Hand Weapons
 a - a +0 vampiric long sword (weapon)
 j - a +3 dagger
 E - a +0 dagger of holy wrath
Missiles
 e - 10 javelins
 f - 120 stones (quivered)
 m - 14 poisoned darts
 u - 15 boomerangs
 L - 3 silver javelins
 Q - a curare-tipped dart
 U - 2 silver boomerangs
 V - a throwing net
Armour
 v - a +2 hat (worn)
 w - a +0 pair of gloves (worn)
 y - a +0 cloak (worn)
 W - a +0 troll leather armour (worn)
 Y - a +0 buckler (worn)
Jewellery
 d - a ring of ice
 i - a ring of positive energy
 q - a ring of fire
 F - a +4 ring of protection (right hand)
 G - a +5 ring of evasion (left hand)
 I - a ring of protection from cold
 M - a ring of resist corrosion
Wands
 b - a wand of flame (27)
 B - a wand of roots (19)
 D - a wand of charming (10)
Scrolls
 h - a scroll of silence
 k - 3 scrolls of vulnerability
 n - 3 scrolls of amnesia
 t - 7 scrolls of teleportation
 x - 2 scrolls of noise
 A - a scroll of magic mapping
 C - a scroll of fear
 J - 2 scrolls of blinking
 N - a scroll of torment {unknown}
 O - a scroll of butterflies
 P - 5 scrolls of poison {unknown}
 T - 2 scrolls of enchant weapon {unknown}
 X - 3 scrolls of fog
Potions
 c - 3 potions of might
 g - 3 potions of mutation
 l - 11 potions of curing
 o - 3 potions of cancellation
 p - a potion of invisibility
 r - 2 potions of brilliance {unknown}
 s - a potion of lignification {unknown}
 z - 3 potions of attraction
 H - 2 potions of heal wounds
 K - a potion of resistance {unknown}
 S - a potion of magic {unknown}
 Z - 2 potions of flight {unknown}
Miscellaneous
 R - a phantom mirror


   Skills:
 + Level 10.4 Fighting
 - Level 14.0 Long Blades
 - Level 5.0 Throwing
 * Level 4.4 Armour
 + Level 13.4 Dodging
 * Level 6.1 Stealth
 * Level 3.2 Shields
 - Level 3.0 Evocations


You had 11 spell levels left.
You didn't know any spells.
Your spell library contained the following spells:

 Spells                   Type           Power      Damage    Failure   Level
 Necrotise                Necr           0%         1d4       56%         1
 Shock                    Conj/Air       0%         1d3       56%         1
 Poisonous Vapours        Pois/Air       0%         N/A       71%         2
 Call Canine Familiar     Summ           0%         N/A       91%         3
 Hailstorm                Conj/Ice       0%         3d3       91%         3
 Inner Flame              Hex/Fire       0%         N/A       91%         3
 Mephitic Cloud           Conj/Pois/Air  0%         N/A       91%         3
 Portal Projectile        Hex/Tloc       0%         N/A       91%         3
 Swiftness                Air            0%         N/A       91%         3
 Vampiric Draining        Necr           0%         2d6       91%         3
 Airstrike                Air            0%         2d(0-16)  100%        4
 Anguish                  Hex/Necr       0%         N/A       100%        4
 Cause Fear               Hex            0%         N/A       100%        4
 Ice Form                 Ice/Tmut       0%         N/A       100%        4
 Leda's Liquefaction      Hex/Erth       0%         N/A       100%        4
 Agony                    Necr           0%         N/A       100%        5
 Fireball                 Conj/Fire      0%         3d3       100%        5
 Freezing Cloud           Conj/Ice/Air   0%         6-21      100%        5
 Iskenderun's Battlesphe  Conj           0%         2d6       100%        5
 Yara's Violent Unravell  Hex/Tmut       0%         3d3       100%        5
 Conjure Ball Lightning   Conj/Air       0%         3x3d6     100%        6
 Simulacrum               Ice/Necr       0%         N/A       100%        6
 Enfeeble                 Hex            0%         N/A       100%        7
 Orb of Destruction       Conj           0%         9d5       100%        7
 Chain Lightning          Conj/Air       0%         N/A       100%        9
 Fire Storm               Conj/Fire      0%         5d1       100%        9
 Shatter                  Erth           0%         3d5*      100%        9


Dungeon Overview and Level Annotations

Branches:
Dungeon (13/15)            Temple (1/1) D:4            Lair (0/5) D:11
    Orc (0/2) D:9         Ossuary (visited)
 Vaults: D:13-14

Altars:
Ashenzari
Cheibriados
Dithmenos
Elyvilon
Fedhas
Gozag
Hepliaklqana
Kikubaaqudgha
Makhleb
Nemelex Xobeh
Okawaru
Qazlal
Ru
Sif Muna
Trog
Uskayaw
Vehumet
Wu Jian
Xom
Yredelemnul
Zin
The Shining One
Ignis

Shops:
D:11 ?


Innate Abilities, Weirdness & Mutations

((You are very nimble when in or above water. (Stealth+, EV+, Speed+++)))
Your lower body shifts to a powerful aquatic tail in water.


Message History

The blast of calcifying dust hits you!
The barbs in your skin will harm you if you move.
Continue?
The barbed spikes dig painfully into your body as you move.
The steelbarb worm hits you but does no damage.
The steelbarb worm barely misses you.
You see here a vampire mosquito corpse.
Unknown command.
You hit the steelbarb worm but do no damage.
The steelbarb worm is moderately wounded.
The catoblepas closely misses you. The steelbarb worm misses you.
Unknown command.
You hit the steelbarb worm but do no damage.
The steelbarb worm is moderately wounded.
The catoblepas gores you!
You slash the steelbarb worm!
You feel better.
The steelbarb worm is moderately wounded.
The steelbarb worm hits you.
Barbed spikes become lodged in your body.
The steelbarb worm attacks as you move away!
The steelbarb worm barely misses you.
The catoblepas attacks as you move away!
The catoblepas gores you!
* * * LOW HITPOINT WARNING * * *
The barbed spikes dig painfully into your body as you move.
* * * LOW HITPOINT WARNING * * *
You feel much better.
The steelbarb worm completely misses you.
The catoblepas gores you but does no damage.
The steelbarb worm barely misses you.
Unknown command.
Aiming: Charm
Press: ? - help, Shift-Dir - straight line, f - steelbarb worm
Aim: a steelbarb worm shaped shifter (moderately wounded, chance to affect: 65%)
The steelbarb worm is charmed.
The catoblepas gores you!!
* * * LOW HITPOINT WARNING * * *
Unknown command.
Unknown command.
You hit the catoblepas but do no damage.
The catoblepas gores you!!
You die...

#.............#..§....†......
#....#....###..#.§...†.....##
.........## ##..##........##
##....#########..##....####
##......##.......##.#.##
#.....#.##.......##....#
....#.............##...#
...##.#.##.....Y#.......
...##...##..§..w@........ ..
...........<.#...(...
##..............#.......
#####.##§......######.. #
#.##.......# ..
.#####...........#
..#.##.#..####.#..
#.#....#..# #.#..
#......#...# #


You could see a catoblepas (ally target) and a friendly steelbarb worm shaped
shifter (charmed).

Vanquished Creatures
  Fannar (D:10)
  4 two-headed ogres
  2 boulder beetles
  Pikel (D:4)
  A deep elf pyromancer (D:13)
  2 cyclopes (D:12)
  A manticore (D:13)
  Joseph (D:8)
  A gargoyle (D:12)
  2 unseen horrors
  Psyche (D:10)
  3 kobold demonologists
  2 komodo dragons (D:11)
  An efreet (D:13)
  2 trolls
  A shadow (D:9)
  20 yaks
  2 humans (D:9)
  2 wraiths (D:10)
  A wyvern (D:11)
  A basilisk (D:12)
  Grum (D:8)
  2 vampire mosquitoes (D:13)
  A warg (D:9)
  2 water moccasins (D:7)
  5 orc warriors
  An ice beast (D:8)
  2 sky beasts
  An ogre (D:6)
  4 black bears
  4 wolves (D:8)
  3 centaurs
  3 kobold brigands
  5 bullfrogs
  A gnoll sergeant (D:11)
  3 scorpions
  3 wights (D:9)
  6 killer bees (D:11)
  A howler monkey (D:5)
  An iron imp (D:7)
  7 hounds
  12 orc priests
  A gnoll bouda (D:7)
  4 iguanas
  Jessica (D:2)
  A sleepcap (D:8)
  Natasha (thrice) (D:2)
  7 orc wizards
  8 mummies (Ossuary)
  Robin (D:2)
  10 gnolls
  7 adders
  A shadow imp (D:7)
  An ufetubus (D:6)
  2 worms
  37 orcs
  6 endoplasms
  4 giant cockroaches
  17 goblins
  12 hobgoblins
  2 jackals (D:1)
  2 quokkas
  6 ball pythons
  5 bats
  4 frilled lizards
  4 hobgoblin zombies (Ossuary)
  26 kobolds
  2 kobold zombies (Ossuary)
  2 orc zombies (Ossuary)
  4 rats
  A spectral weapon (D:8)
301 creatures vanquished.

Vanquished Creatures (collateral kills)
  A yak (D:10)
1 creature vanquished.

Vanquished Creatures (others)
  An unseen horror (D:10)
  A wyvern (D:10)
  A kobold (D:10)
  11 foxfires (Ossuary)
14 creatures vanquished.

Grand Total: 316 creatures vanquished

Notes
Turn   | Place    | Note
-------+----------+-------------------------------------------
     0 | D:1      | Nonny the Merfolk Gladiator began the quest for the Orb.
     0 | D:1      | Reached XP level 1. HP: 16/16 MP: 1/1
     4 | D:1      | RUMMIL CEAS - identify
     6 | D:1      | Starting vault: square chamber
    47 | D:1      | Kobold with +2 whip of holy wrath north of start.
   116 | D:1      | Reached XP level 2. HP: 22/22 MP: 2/2
   126 | D:1      | Reached skill level 4 in Long Blades
   217 | D:1      | Reached skill level 1 in Stealth
   250 | D:1      | FAENLUCORE - blinking
   251 | D:1      | YNKARI BEMOSHRA - brand weapon
   504 | D:1      | Reached XP level 3. HP: 27/27 MP: 3/3
   615 | D:2      | ONAIXA GEKIAT - fear
   647 | D:2      | Noticed Jessica
   655 | D:2      | Killed Jessica
   656 | D:2      | Reached XP level 4. HP: 33/33 MP: 4/4
   685 | D:2      | Reached skill level 5 in Long Blades
   713 | D:2      | Noticed Robin
   765 | D:2      | Reached skill level 5 in Dodging
   788 | D:2      | Killed Robin
   828 | D:2      | Found a faded altar of an unknown god.
   852 | D:2      | Noticed Natasha
   864 | D:2      | amethyst potion - heal wounds
   865 | D:2      | LAD QUES VAI - silence
   871 | D:2      | Killed Natasha
   872 | D:2      | Reached XP level 5. HP: 35/38 MP: 5/5
   904 | D:2      | Noticed Natasha
   917 | D:2      | Killed Natasha
  1014 | D:2      | Noticed Natasha
  1025 | D:2      | Killed Natasha
  1328 | D:2      | Prayed at the altar of an unknown god.
  1328 | D:2      | Became a worshipper of Ignis, the Dying Flame
  1411 | D:3      | fuming grey potion - curing
  1454 | D:3      | Reached skill level 6 in Long Blades
  1650 | D:3      | silvery potion - cancellation
  1978 | D:4      | Reached XP level 6. HP: 40/40 MP: 6/6
  2367 | D:4      | Found a staircase to the Ecumenical Temple.
  2796 | Temple   | Entered the Ecumenical Temple
  2870 | D:5      | Entered Level 5 of the Dungeon
  2872 | D:5      | BAUSIURHIAR - amnesia
  2873 | D:5      | MEIXTE VED HOFF - vulnerability
  2874 | D:5      | JUOV QODOCUUX PEVE - butterflies
  2875 | D:5      | FUOB PIXKEZUA - teleportation
  2876 | D:5      | UNE AHEIDO - noise
  2907 | D:5      | Noticed Pikel
  2913 | D:5      | Reached skill level 7 in Long Blades
  2961 | D:4      | Killed Pikel
  2962 | D:4      | Reached skill level 9 in Long Blades
  2962 | D:4      | Reached XP level 7. HP: 23/50 MP: 7/7
  2970 | D:4      | Reached XP level 8. HP: 23/56 MP: 8/8
  3371 | D:5      | Reached skill level 1 in Armour
  3816 | D:5      | sapphire potion - might
  3817 | D:5      | blue potion - attraction
  3943 | D:6      | Reached skill level 1 in Evocations
  3964 | D:6      | Reached skill level 10 in Long Blades
  4426 | D:6      | Reached XP level 9. HP: 65/65 MP: 9/9
  4637 | D:6      | Found a hide-covered altar of Uskayaw.
  4907 | D:7      | Reached skill level 11 in Long Blades
  5261 | D:7      | Found a snail-covered altar of Cheibriados.
  5394 | D:8      | RYMIFUBBULUZ - magic mapping
  5419 | D:8      | FYMAMING QOYFO - immolation
  5450 | D:8      | Reached skill level 5 in Fighting
  5490 | D:8      | Noticed Joseph
  5518 | D:8      | Killed Joseph
  5519 | D:8      | Reached skill level 12 in Long Blades
  5576 | D:8      | Found a sand-covered staircase.
  5654 | D:8      | Noticed Grum
  5681 | D:8      | Reached XP level 10. HP: 76/76 MP: 10/10
  5714 | Ossuary  | Entered an ossuary
  6063 | D:8      | Killed Grum
  6192 | D:8      | Found a shadowy altar of Dithmenos.
  6192 | D:8      | Found a basalt altar of Yredelemnul.
  6197 | D:8      | Found a shimmering blue altar of Sif Muna.
  6264 | D:9      | Reached skill level 13 in Long Blades
  6504 | D:9      | Found a staircase to the Orcish Mines.
  6647 | D:9      | Found a hazy altar of Hepliaklqana.
  6691 | D:9      | Found an iron altar of Okawaru.
  6713 | D:9      | Found a shimmering altar of Xom.
  6713 | D:9      | Found a shimmering altar of Xom.
  6713 | D:9      | Found a shimmering altar of Xom.
  6713 | D:9      | Found a shimmering altar of Xom.
  6714 | D:9      | Found a shimmering altar of Xom.
  6715 | D:9      | Found a shimmering altar of Xom.
  6847 | D:9      | Reached skill level 10 in Dodging
  6910 | D:10     | Entered Level 10 of the Dungeon
  6910 | D:10     | Noticed Psyche
  6910 | D:10     | Noticed a kobold demonologist
  6910 | D:10     | Noticed a kobold demonologist
  6910 | D:10     | Noticed a kobold demonologist
  6918 | D:9      | Killed a kobold demonologist
  6985 | D:10     | Noticed a rust devil
  6993 | D:10     | Killed a kobold demonologist
  6998 | D:10     | Noticed an orange demon
  7010 | D:10     | Killed a kobold demonologist
  7116 | D:10     | Killed Psyche
  7141 | D:10     | Reached XP level 11. HP: 54/84 MP: 11/11
  7165 | D:10     | Reached skill level 14 in Long Blades
  7305 | D:10     | Found a stormy altar of Qazlal.
  7656 | D:10     | Noticed Fannar
  7681 | D:10     | Killed Fannar
  7795 | D:10     | Found an opulent altar of Gozag.
  8510 | D:11     | Noticed a two-headed ogre
  8512 | D:11     | murky inky potion - mutation
  8522 | D:11     | Killed a two-headed ogre
  8722 | D:11     | Noticed a boulder beetle
  8761 | D:11     | Killed a boulder beetle
  8762 | D:11     | Reached skill level 5 in Throwing
  8794 | D:11     | Found Xeackod's Magic Scroll Boutique.
  8863 | D:11     | Bought a scroll of fog for 72 gold pieces
  8863 | D:11     | Bought a scroll of teleportation for 54 gold pieces
  8863 | D:11     | Bought a scroll of teleportation for 54 gold pieces
  8863 | D:11     | Bought a scroll of identify for 36 gold pieces
  8864 | D:11     | pink potion - invisibility
  8875 | D:11     | Found a staircase to the Lair.
  9425 | D:12     | Found a transporter.
  9432 | D:12     | Found a transporter.
  9480 | D:12     | Found a transporter.
  9498 | D:12     | Found a transporter.
  9599 | D:12     | Noticed a cyclops
  9716 | D:12     | Noticed a two-headed ogre
  9730 | D:12     | Killed a two-headed ogre
  9731 | D:12     | Reached XP level 12. HP: 74/96 MP: 12/12
  9863 | D:12     | Noticed a two-headed ogre
  9877 | D:12     | Killed a two-headed ogre
  9878 | D:12     | Reached skill level 5 in Stealth
  9878 | D:12     | Reached skill level 1 in Shields
  9893 | D:12     | Noticed a boulder beetle
  9917 | D:12     | Noticed a two-headed ogre
  9930 | D:12     | Killed a boulder beetle
  9933 | D:12     | Killed a two-headed ogre
 10043 | D:12     | Reached skill level 10 in Fighting
 10163 | D:12     | unseen horror on this floor
 10417 | D:13     | phantom mirror
 10483 | D:13     | unseen horror 2
 10575 | D:13     | Noticed a catoblepas
 10611 | D:13     | Mangled by a catoblepas

Illustrated notes ############# #...........# #...........# #...........# #...........# #.......@...# +.....<.....+ #...........# #...........# #...........# #...........# #...........# ############# Turn 4 on D:1: RUMMIL CEAS - identify ############# #...........# #...........# #...........# #...........# #...........# +.....@.....+ #...........# #...........# #...........# #...........# #...........# ############# Turn 6 on D:1: Starting vault: square chamber #..#.#.#. #........ #..#.#.#. #K....... #..#.#.#. #........ #####..#.#.#. #...@........ #####.######..### #............ ... #.########### # #.# ############# #.# #...........# #.# #...........# #.# #...........# #.# #...........# Turn 47 on D:1: Kobold with +2 whip of holy wrath north of start. # #.# #......... #§# #.#.###### #...# #.... . ##... ...#.# ## #..####.###.# #.......# #.# #.#.#.#.# #.# # #.....[.. #. #@#.#.#.# #........ #.#.#.#.# #.......# ######### Turn 250 on D:1: FAENLUCORE - blinking # #.# #......... #§# #.#.###### #...# #.... . ##... ...#.# ## #..####.###.# #.......# #.# #.#.#.#.# #.# # #.....[.. #. #@#.#.#.# #........ #.#.#.#.# #.......# ######### Turn 251 on D:1: YNKARI BEMOSHRA - brand weapon #.###### #......## #@.# ##..# #.# .# . .. .. ..# Turn 615 on D:2: ONAIXA GEKIAT - fear ## .. .# #.. # .. .###### ..##.. .# ....... ..##.. .# #.##### .#..###.# ... >..#... ##... ####.....## #### .....#h.5# #### #..#@#.#### ...# # #........... ...###.# #....##.###. ...#...# #..♣.# .# .....# ####.♣.♣# # ...#######....♣.♣ .........<.♣..♣.. ....#####..♣♣.♣♣.♣ ..........♣.♣..♣.♣ Turn 864 on D:2: amethyst potion - heal wounds ## .. .# #.. # .. .###### ..##.. .# ....... ..##.. .# #.##### .#..###.# ... >..#... ##... ####.....## #### .....#h.5# #### #..#@#.#### ...# # #........... ...###.# #....##.###. ...#...# #..♣.# .# .....# ####.♣.♣# # ...#######....♣.♣ .........<.♣..♣.. ....#####..♣♣.♣♣.♣ ..........♣.♣..♣.♣ Turn 865 on D:2: LAD QUES VAI - silence ## ###########.## #...)........### ###.######.......# #......# #.##.##.# ###.#.##.# #.# .. #...#....# #.# ! #.#####..# #.#####.# #...#>...# #.@.....# ###.#.##.# ######### #......# ##.##### #.# #.# #.#### #....# #....# Turn 1411 on D:3: fuming grey potion - curing #.. ... #.#.#.. #####.#.#.# #.>.....#.# ## #.###.###.# .. #.# #.....#####.# #.# #####.......# ##.### #.......## #....# #...@...# ##....# #.......# #..#..# #........... #.###.# #.....####.. #..#..# #....P# . ##...## #....P# ##.## #.##..# #.######.##)P# #.##.........# Turn 1650 on D:3: silvery potion - cancellation ........ .. ###...... ... #.#.....##.. ###.......... ....o......# . ........?.##... ............... ..o....@...# ...o......?.... ..........####. o.o.....### .......$. #....##.. #.... ##. ##... #. Turn 2872 on D:5: BAUSIURHIAR - amnesia ........ .. ###...... ... #.#.....##.. ###.......... ...........# . .....o..?.##... ............... ...o...@...# ....o.....?.... ...o......####. .o......### .......$. #....##.. #.... ##. ##... #l Turn 2873 on D:5: MEIXTE VED HOFF - vulnerability ........ .. ###...... ... #.#...b.##.. ###o......... ....b...b..# . ...b.bbbbb##... .....bbbb..b... ..bob.b@b.b# ..b.obbbbbb.... ..o.ob.bbb####. ........### .....b.$. #....##.b #.... ##l ##... #. Turn 2874 on D:5: JUOV QODOCUUX PEVE - butterflies ........ .. ###...... ... #.#.....##.. ###o...bb.b.. ....b...bb.# . ..b...bbb.##... ...b.bb.bb..... ..bo.b.@bbb# ....o.bbb.?...b ..o.o.bbb.####. ......bb### .......$. #....##.l #.... ##. ##... #. Turn 2875 on D:5: FUOB PIXKEZUA - teleportation ........ .. ###...... ... #.#.....##.. ###..b...bb.. ....o...b..# . ...b.bbbbb##... ...bbbb.b..b... ....obb@bbb# ...ooobb..?...b ..b..bb.b.####. .....b..### .......$l #....##.. #.... ##. ##... #. Turn 2876 on D:5: UNE AHEIDO - noise ###......# ##.......####### #........##.##.## ...##....#......# ...........###..# ..#............## .##......##.....## ........##.......## .##.##.###......@.# .....#.# #...#...## .......#####.##### ........## ### .........# ........## .........# ....##..## ....##### Turn 3816 on D:5: sapphire potion - might ###......# ##.......####### #........##.##.## ...##....#......# ...........###..# ..#............## .##......##.....## ........##.......## .##.##.###......@.# .....#.# #...#...## .......#####.##### ........## ### .........# ........## .........# ....##..## ....##### Turn 3817 on D:5: blue potion - attraction

,,,,,*,******,******,**,****,**,,
***,,,>,*** *,..## *.##.,,,,,,,,,
****,,,,,.#####..###....,,,,*,***
**,,,,,,,,..............,,,,*,***
*,,,,,,,,,,.............,,,,,,,,,
,,,,,,,,,,**#F..........,,,,*,,**
>,,,,,,,,,* #...........,,,,,,,,,
,,,,,,,,,####...........,,,,,,,,,
,,,,,,,,,.......@....#****,,,,,,,
,,,,,,,,,.########...# ******,,
,,,,,,,,,,* *,..# *,,,,,
,,,,,,,,,,* *****,,.#** *,***,
,,,,,,,,,** *,,,,,,,..** *,* **
,,,,*,,,** *,,,,,,,,..****,* *
********* *,,,,,,,,,.,,**,*
*,,,,,,,,,**,,,,*
*,,,,,,,,,*******


Turn 5394 on D:8: RYMIFUBBULUZ - magic mapping ,,..####............,,,,,,,,,,,,,
,..........<....##***,,,,,,,,,,,, ,....########...# ******,,***** ,..,,* #...#
*,,,,,** ,,,,,* #####...### *,***,,*** ,,,,** #.........## *,* **,,,** ,,,**
#..........###*,* ***,,, **** #............#*,* ***, #.......@.##..,,* *,
#.........#****** ** ########### Turn 5419 on D:8: FYMAMING QOYFO - immolation
########## #.@.....O. #.#########.# #.# #.# #.# #.# #.# #.# #.# #.# #.# #.# #.#
#.# #. #.# #.# #. Turn 8512 on D:11: murky inky potion - mutation #.#.#######.#
##.#†####....# #...........# #...........# #...........# #...........#
#...........# .....>.......# ###.......@...# .............# ..P.P$.......#
.P.PPPP....### ....P.P..#.# PPP...PP..# ###.P.P .# #P.P. .# Turn 8864 on D:11:
pink potion - invisibility #...#)....'....... #.... #..†#.....######## ###....
#...#............. #...... ###.#............. #...... #†#............. #......
#†#............. #####...... #)#...<......... #.....[...)
#.################.......... #..........@.......########. #.....########.....#
#. #.....#......#.....# #. ######.....#......#.....# #.
...........#......#.....# #. #..........####'###.....########.
#................................ #...........................(....
#.......##################....... Turn 10163 on D:12: unseen horror on this
floor ... #.# ..##.# ..... ...# ..## #.. # ###.##.#..# #..=@.....# #...#.###.#.#
#.# #.# #. #.# # #.###.### ... #.......##..... ##..........# #....<...####
#........# Turn 10417 on D:13: phantom mirror #### #.... #.... . ...... .##
#....#########..# ##......##.......# #.....#.##.......# #....@........
#.#.##......#. .###.. ##...##........ ..... ...........<.#. .....
#..............# ..... #####.##.......# ##..##.# #.##.......#
.#..##..#####...........# .#..# #..#.##.#..####.#.. Turn 10483 on D:13: unseen
horror 2

Levels and vault maps discovered:
D:1:      psy_arrival_statuary, layout_loops_ring, serial_glass,
          glass_columns_c, glass_columns_a, glass_columns_a, glass_columns_b,
          glass_columns_a, glass_columns_b, glass_columns_b, glass_columns_b,
          minmay_misc_feat_x
D:2:      layout_rooms, shapermc_ecumenical_altar_totnotflames, uniq_natasha,
          uniq_jessica, uniq_robin
D:3:      corexii_shack_village, layout_loops_cross
D:4:      layout_loops_ring, minmay_temple_entry_statues_pillars,
          minmay_misc_feat_rows
D:5:      layout_cave_pools, serial_park_tiny_pond, amcnicky_mini_pool_small,
          uniq_pikel
D:6:      layout_loops_ring, marbit_many_paths, grunt_decor_mini_mirrors
D:7:      layout_rooms, slow_altar_1
D:8:      layout_rooms, grunt_temple_overflow_open, enter_ossuary_1,
          blue_anna_alchemist, uniq_joseph, uniq_grum
D:9:      layout_basic, xom_redecorated, nzn_hepliaklqana_mist_gate,
          okawaru_humans, erik_orc_4
D:10:     layout_basic, mainiacjoe_overflow_catch_the_wave, uniq_fannar,
          uniq_psyche
D:11:     layout_basic, grunt_lair_entry_orc_guard_hut, serial_shops, shop
D:12:     layout_irregular_city, minmay_misc_feat_columns,
          nicolae_transporter_intersection
D:13:     layout_rooms, uniq_snorg
Temple:   nicolae_temple_ecumenical_triangle

Skill      XL: |  1  2  3  4  5  6  7  8  9 10 11 12 |
---------------+-------------------------------------+-----
Long Blades    | 4 5 6 9 10 12 13 14 | 14.0
Stealth        | 1 2 4 6 |  6.1
Dodging        | 5 6 7 8 10 12 13 | 13.4
Armour         | 2 3 4 |  4.4
Fighting       | 3 5 7 9 10 | 10.4
Evocations     | 2 3 |  3.0
Throwing       | 3 5 |  5.0
Shields        | 3 |  3.2

Action                     |  1- 3 |  4- 6 |  7- 9 | 10-12 || total
---------------------------+-------+-------+-------+-------++-------
  Melee: Long sword        |    74 |   252 |   391 |   874 ||  1591
         Punch             |     1 |     3 |     6 |    11 ||    21
         Dagger            |       |     9 |       |       ||     9
         Tailslap          |       |     6 |     5 |       ||    11
  Throw: Throwing net      |       |     3 |       |     2 ||     5
         Stone             |       |     1 |       |     4 ||     5
         Dart              |       |       |       |    13 ||    13
 Invoke: Fiery Armour      |       |       |     1 |     2 ||     3
         Foxfire Swarm     |       |       |       |     1 ||     1
  Evoke: Wand              |       |       |       |     5 ||     5
    Use: Scroll            |     4 |     8 |     4 |     2 ||    18
         Potion            |       |     5 |       |     2 ||     7
   Stab: Sleeping          |     1 |     6 |     3 |     4 ||    14
         Held in net/web   |       |     1 |       |     6 ||     7
         Petrified         |       |       |       |     1 ||     1
 Armour: Leather armour    |     6 |       |       |       ||     6
         Ring mail         |    19 |    96 |   132 |   112 ||   359
         Troll leather arm |       |       |       |    71 ||    71
  Dodge: Dodged            |    58 |   219 |   365 |   838 ||  1480
  Block: Buckler           |       |       |       |    50 ||    50
